 Dungeon Crawl Stone Soup version 0.26-a0-683-g5206c1d7ac (webtiles) character file.

Game seed: 15366203981806671571

300 jasper the Bolt Thrower (level 6, -5/34 HPs)
             Began as a Kobold Arcane Marksman on Oct 22, 2020.
             Was an Initiate of Okawaru.
             Slain by an orc priest
             ... wielding a +0 flail of venom
              (7 damage)
             ... on level 5 of the Dungeon.
             The game lasted 00:02:33 (2873 turns).

jasper the Bolt Thrower (Kobold Arcane Marksman)    Turns: 2873, Time: 00:02:33

Health: -5/34      AC:  3    Str:  8 (9)  XL:     6   Next: 64%
Magic:  7/7        EV: 15    Int: 13 (14) God:    Okawaru [......]
Gold:   166        SH:  0    Dex: 14 (16) Spells: 6/7 levels left

rFire    . . .     SeeInvis .   a - +0 hand crossbow
rCold    . . .     Faith    .   (shield restricted)
rNeg     . . .     Spirit   .   e - +0 robe
rPois    .         Reflect  .   (no helmet)
rElec    .         Harm     .   (no cloak)
rCorr    .         Rampage  .   (no gloves)
MR       .....                  f - +0 pair of boots
Stlth    +++.......             (no amulet)
HPRegen  0.11/turn              (no ring)
MPRegen  0.10/turn              (no ring)

@: no status effects
A: small, nightstalker 3
a: Renounce Religion


You were on level 5 of the Dungeon.
You worshipped Okawaru.
Okawaru was noncommittal.
You visited 1 branch of the dungeon, and saw 5 of its levels.

You collected 166 gold pieces.

Inventory:

Hand Weapons
 a - a +0 hand crossbow (weapon)
Missiles
 d - 30 bolts (quivered)
Armour
 e - a +0 robe (worn)
 f - a +0 pair of boots (worn)
Jewellery
 n - an uncursed ring of poison resistance {unknown}
 p - an uncursed ring of protection from fire
Scrolls
 b - a scroll of fog {unknown}
 c - 3 scrolls of teleportation {unknown}
 g - 2 scrolls of identify {unknown}
 i - a scroll of amnesia {unknown}
 j - 2 scrolls of noise {unknown}
 k - 2 scrolls of enchant armour {unknown}
 l - 2 scrolls of remove curse {unknown}
Potions
 m - a potion of stabbing {unknown}
 o - a potion of lignification {unknown}


   Skills:
 - Level 1.1 Fighting
 + Level 7.5 Crossbows
 - Level 2.4 Dodging
 - Level 2.2 Stealth
 - Level 1.1 Spellcasting
 - Level 3.0 Hexes


You had 6 spell levels left.
You knew the following spells:

 Your Spells              Type           Power        Failure   Level
a - Corona                Hex            #......      9%          1

Your spell library contained the following spells:

 Spells                   Type           Power        Failure   Level
 Slow                     Hex            #.......     12%         2
 Inner Flame              Hex/Fire       #.......     41%         3
 Portal Projectile        Hex/Tloc       #.....       41%         3
 Cause Fear               Hex            #.........   63%         4
 Leda's Liquefaction      Hex/Erth       #.........   83%         4


Dungeon Overview and Level Annotations

Branches:
Dungeon (6/15)
 Temple: D:4-7

Altars:
Nemelex Xobeh
Okawaru


Innate Abilities, Weirdness & Mutations

You are small and have problems with some larger weapons.
You are completely attuned to the shadows.


Message History

You take 5 damage, and have 5/34 hp.
Okay, then.
Firing (i - inventory)
d - 31 bolts (quivered)
Press: ? - help, Shift-Dir - straight line, f/p - orc priest
Aim: an orc priest, wielding a +0 flail of venom and wearing a +0 leather armour (severely wounded)
You shoot a bolt.
The bolt hits the orc priest but does no damage.
The orc priest is severely wounded.
The ufetubus completely misses you. The ufetubus closely misses you.
The orc priest misses you. The ufetubus hits you.
* * * LOW HITPOINT WARNING * * *
The ufetubus completely misses you.
You take 3 damage, and have 2/34 hp.
Unknown command.
It was a potion of degeneration.
There was something very wrong with that liquid.
You feel weakened.
You feel dopey.
You feel clumsy. The ufetubus barely misses you. x2
The orc priest hits you with a +0 flail of venom!
You die...

#..#
#..#
#..#
#o.#
#5@#
#..#
#..#
#..#
#..#


You could see an orc priest and an ufetubus.

Vanquished Creatures
  Sigmund (D:2)
  An orc wizard (D:3)
  3 gnolls (D:3)
  4 adders
  An ooze (D:1)
  A leopard gecko (D:3)
  A giant cockroach (D:2)
  10 goblins
  5 hobgoblins
  A quokka (D:3)
  A ball python (D:2)
  5 bats
  2 frilled lizards
  A jackal skeleton (D:3)
  9 kobolds
  4 rats
50 creatures vanquished.

Notes
Turn   | Place    | Note
-------+----------+-------------------------------------------
     0 | D:1      | jasper the Kobold Arcane Marksman began the quest for the
                  | Orb.
     0 | D:1      | Reached XP level 1. HP: 12/12 MP: 2/2
   231 | D:1      | Reached skill level 3 in Crossbows
   253 | D:1      | Reached XP level 2. HP: 9/16 MP: 3/3
   702 | D:1      | Reached skill level 4 in Crossbows
   702 | D:1      | Reached XP level 3. HP: 20/20 MP: 4/4
  1517 | D:2      | Found a sparkling altar of Nemelex Xobeh.
  1542 | D:2      | Reached XP level 4. HP: 25/25 MP: 5/5
  1722 | D:2      | Noticed Sigmund
  1730 | D:2      | Killed Sigmund
  1730 | D:2      | Reached skill level 6 in Crossbows
  1730 | D:2      | Reached XP level 5. HP: 15/29 MP: 6/6
  1730 | D:2      | Reached XP level 6. HP: 18/34 MP: 7/7
  1932 | D:2      | Found an iron altar of Okawaru.
  1937 | D:2      | Became a worshipper of Warmaster Okawaru
  2417 | D:3      | Reached skill level 7 in Crossbows
  2863 | D:3      | You fall into a shaft and drop 3 floors!
  2869 | D:5      | Entered Level 5 of the Dungeon
  2873 | D:5      | Slain by an orc priest

Illustrated notes

Levels and vault maps discovered:
D:1:      scummos_arrival_star, layout_basic
D:2:      layout_basic, nemelex_xobeh_ov_fountains_minmay,
          kennysheep_okawaru_gauntlet, uniq_sigmund
D:3:      layout_loops_ring, nicolae_qazlal_general_emergency
D:5:      minmay_bubble_buster, layout_cave_pools,
          lemuel_coloured_pillars_altar, serial_glass, glass_columns_b,
          glass_columns_b, gup_ossuary_entry_pyramid, minivault_25,
          kennysheep_doodads, roderic_lattice_a, uniq_prince_ribbit1
D:6:      layout_cave_pools, minmay_temple_entry_fiery,
          ebering_ghost_rock_garden

Skill      XL: |  1  2  3  4  5  6 |
---------------+-------------------+-----
Crossbows      | 3 4 6 7 |  7.5
Stealth        | 2 |  2.2
Fighting       | |  1.1
Dodging        | |  2.4
Spellcasting   | |  1.1
Hexes          | |  3.0

Action                   |  1- 3 |  4- 6 || total
-------------------------+-------+-------++-------
 Fire: Hand crossbow     |    56 |    69 ||   125
  Use: Potion            |       |     1 ||     1
Armor: Robe              |     2 |     4 ||     6
Dodge: Dodged            |    14 |    35 ||    49

Table legend: (Time is in decaauts)
 A = Elapsed time spent in this place.
 B = Non-inter-level travel time spent in this place.
 C = Inter-level travel time spent in this place.
 D = Time resting spent in this place.
 E = Time spent auto-exploring this place.
 F = Levels seen in this place.
 G = Mean time per level.
                   A        B        C        D        E       F      G
               +--------+--------+--------+--------+--------+-----+--------+
         Total |   2901 |   2846 |     55 |    124 |   2427 |   5 |  580.2 |
       Dungeon |   2901 |   2846 |     55 |    124 |   2427 |   5 |  580.2 |
               +--------+--------+--------+--------+--------+-----+--------+

Top non-repeatable levels by time:
     D:2: 1371 daAuts
     D:1: 1046 daAuts
     D:3: 472 daAuts
     D:6: 5 daAuts
     D:5: 4 daAuts
